Map: Cyber Forest LE

Players

Mez

  • Race: Terran Terran
  • League: Master
  • Spawn Location: 11:00

LeFFe - Winner!

  • Race: Terran Terran
  • League: Master
  • Spawn Location: 5:00

VOD

Have the link to the VOD?

Description

Time

  • Played on: Aug. 17, 2019, 10:12 a.m.
  • Length: 11:32
Show
View Real Time Build Order
Export as new Build Order

Mez Terran 

Build Orders: Hellion Banshee 

Get SALT Encoding   

  12  0:00  SCV  
  13  0:13  SCV  
  14  0:17  Supply Depot  
  14  0:25  SCV  
  15  0:39  SCV  
  15  0:41  Barracks  
  16  0:45  Refinery  
  16  0:51  Refinery  
  16  0:55  SCV  
  17  1:07  SCV  
  18  1:19  SCV  
  19  1:28  Reaper  
  19  1:32  Orbital Command  
  20  1:40  Factory  
  20  1:49  Supply Depot  
  20  1:58  SCV  
  20  2:01  Barracks Reactor  
  21  2:10  SCV  
  22  2:18  Bunker  
  22  2:24  Hellion  
  22  2:37  Marine  
  22  2:39  Bunker  
  24  2:45  Hellion  
  24  2:47  Marine  
  19  3:04  Marine  
  15  3:06  Hellion  
  13  3:15  SCV  
  14  3:27  SCV  
  14  3:28  Hellion  
  17  3:35  Reaper  
  17  3:39  SCV  
  17  3:41  Starport  
  19  3:51  SCV  
  20  4:03  SCV  
  20  4:09  Hellion  
  23  4:11  Marine  
  23  4:16  SCV  
  25  4:19  Starport Tech Lab  
  25  4:27  Supply Depot  
  25  4:28  SCV  
  28  4:38  Hellion  
  28  4:39  Banshee  
  31  4:49  SCV  
  30  4:56  Barracks Reactor  
  30  5:00  Supply Depot  
  30  5:01  SCV  
  31  5:13  SCV  
  26  5:23  Factory Tech Lab  
  26  5:29  Raven  
  26  5:32  SCV  
  29  5:43  Cyclone  
  29  5:44  Marine  
  29  5:45  Marine  
  29  5:49  SCV  
  35  6:02  SCV  
  36  6:15  Cyclone  
  36  6:17  Viking  
  41  6:31  Marine x2  
  41  6:32  SCV  
  44  6:44  SCV  
  45  6:48  Supply Depot  
  43  7:04  Raven  
  43  7:07  Marine  
  43  7:08  Marine  
  47  7:09  SCV  
  47  7:12  Supply Depot  
  48  7:21  SCV  
  44  7:33  SCV  
  44  7:36  Cyclone  
  44  7:37  Marine x2  
  50  7:45  SCV  
  50  7:46  Supply Depot  
  51  8:06  Command Center  
  51  8:18  Siege Tank  
  54  8:29  Medivac  
  54  8:32  Medivac  
  54  8:33  SCV  
  59  8:45  SCV  
  59  8:48  Marine  
  60  8:53  Supply Depot  
  64  9:04  Medivac  
  64  9:08  Medivac  
  65  9:18  Orbital Command  
  65  9:20  Marine  
  69  9:38  Marine  
  69  9:44  Siege Tank  
  70  9:46  SCV x2  
  72  9:56  Command Center  
  72  9:58  SCV  
Show
View Real Time Build Order
Export as new Build Order

LeFFe Terran - Winner!

Build Orders:  

Get SALT Encoding   

  12  0:01  SCV  
  13  0:13  SCV  
  14  0:17  Supply Depot  
  14  0:25  SCV  
  15  0:40  Barracks  
  15  0:51  Barracks  
  15  1:04  Barracks  
  15  1:08  SCV  
  16  1:20  SCV  
  17  1:27  Marine  
  17  1:32  Orbital Command  
  18  1:38  Marine  
  19  1:42  Supply Depot  
  19  1:45  Marine  
  20  1:51  Marine  
  21  1:56  Marine  
  23  2:05  Refinery  
  23  2:06  Marine  
  23  2:08  Marine  
  23  2:13  Marine  
  25  2:17  SCV  
  26  2:24  Marine  
  26  2:26  Marine  
  26  2:27  Refinery  
  28  2:31  Marine  
  29  2:42  Marine  
  30  2:44  Marine  
  30  2:49  Marine  
  31  2:59  Marine  
  31  3:03  Marine  
  29  3:07  Marine  
  24  3:15  SCV  
  24  3:16  Factory  
  24  3:17  Marine  
  26  3:21  Marine  
  26  3:25  Marine  
  28  3:32  SCV  
  27  3:35  Marine  
  27  3:36  Supply Depot  
  27  3:39  Marine  
  29  3:43  Marine  
  29  3:44  SCV  
  31  3:53  Marine  
  31  3:57  Marine  
  31  4:00  Factory Tech Lab  
  31  4:01  Starport  
  31  4:02  SCV  
  30  4:05  Marine  
  30  4:11  Marine  
  30  4:14  SCV  
  30  4:15  Marine  
  33  4:19  Cyclone  
  36  4:26  Supply Depot  
  36  4:33  SCV  
  38  4:45  SCV  
  38  4:47  Fusion Core  
  38  5:01  SCV  
  37  5:26  Command Center  
  39  5:28  Widow Mine  
  39  5:34  Battlecruiser  
  45  5:38  Supply Depot  
  45  5:45  SCV  
  45  5:47  Marine  
  47  5:53  Bunker  
  47  6:00  Widow Mine  
  49  6:11  Barracks Tech Lab  
  49  6:16  SCV  
  49  6:17  Barracks Reactor  
  48  6:28  SCV  
  49  6:37  Stimpack  
  49  6:38  Marine  
  50  6:41  Barracks  
  50  6:48  SCV x2  
  52  7:00  SCV  
  47  7:03  Raven  
  47  7:07  Factory Tech Lab  
  49  7:16  SCV  
  47  7:26  Marine x3  
  48  7:36  Barracks Reactor  
  48  7:38  SCV  
  48  7:40  Orbital Command  
  49  7:46  Marine x2  
  49  7:50  SCV  
  52  7:56  Refinery  
  52  7:57  Refinery  
  52  8:02  SCV  
  52  8:03  Supply Depot  
  52  8:04  Marine x3  
  56  8:10  Factory  
  56  8:14  SCV  
  56  8:15  Starport Reactor  
  56  8:18  SCV, Marine  
  56  8:19  Marine  
  60  8:20  Siege Tank  
  63  8:29  SCV  
  64  8:34  Supply Depot  
  64  8:35  SCV, Supply Depot  
  64  8:36  Marine x4  
  64  8:37  Marine  
  64  8:41  SCV  
  71  8:43  Combat Shield  
  71  8:47  SCV  
  72  8:53  Medivac x2  
  72  8:54  Marine x2  
  78  9:02  Marine x3  
  80  9:07  Siege Tank  
  84  9:12  SCV, Supply Depot  
  84  9:14  Marine x2  
  87  9:20  Marine  
  88  9:24  Marine  
  88  9:26  Siege Tank  
  91  9:39  Medivac  
  91  9:40  Siege Tank  
  91  9:43  Supply Depot  
  91  9:44  Supply Depot  
  96  9:47  SCV x2  
  98  9:56  Marine  
  98  9:58  Marine x3  
  102  10:05  Marine  
  103  10:12  Siege Tank  
  106  10:14  Marine  
  106  10:16  Marine x3  
  106  10:23  Siege Tank  
Tags
 
Add a new tag
Caveats
  • Supply blocks, unpowered buildings, or Contaminate may cause inaccurate times.
  • Supply counts are checked every 10 seconds.